 Dungeon Crawl Stone Soup version 0.28.0-43-g3370ac3207 (webtiles) character file.

Game seed: 9944356321839774576

312 nonceun the Chopper (level 6, -6/79 HPs)
             Began as a Minotaur Berserker on Mar 14, 2022.
             Was a Believer of Trog.
             Mangled by Pikel
             ... wielding a +1 whip of electrocution
              (18 damage)
             ... on level 4 of the Dungeon.
             The game lasted 00:10:43 (3096 turns).

nonceun the Chopper (Minotaur Berserker)            Turns: 3096, Time: 00:10:43

Health: -6/79      AC:  9    Str: 24    XL:     6   Next: 18%
Magic:  5/5        EV: 10    Int:  4    God:    Trog [**....]
Gold:   135        SH:  0    Dex:  9    Spells: 5/5 levels left

rFire   + . .      SeeInvis .   a - +0 hand axe
rCold   . . .      Faith    .   (no shield)
rNeg    . . .      Spirit   .   n - +0 scale mail
rPois   .          Reflect  .   (helmet restricted)
rElec   .          Harm     .   f - +0 cloak
rCorr   .          Rampage  .   (no gloves)
Will    ++...                   m - +0 pair of boots
Stlth   ..........              (no amulet)
HPRegen 1.23/turn               k - ring of protection from fire
MPRegen 0.09/turn               (no ring)

@: berserking, strong-willed, regenerating, very quick
A: horns 2, retaliatory headbutt
a: Renounce Religion, Berserk, Trog's Hand


You were on level 4 of the Dungeon.
You worshipped Trog.
Trog was pleased with you.
You visited 1 branch of the dungeon, and saw 4 of its levels.

You collected 135 gold pieces.

Inventory:

Hand Weapons
 a - a +0 hand axe (weapon)
Missiles
 e - 32 stones (quivered)
 p - 6 atropa-tipped darts
Armour
 f - a +0 cloak (worn)
 m - a +0 pair of boots (worn)
 n - a +0 scale mail (worn)
Jewellery
 k - a ring of protection from fire (left hand)
Scrolls
 b - 3 scrolls of identify {unknown}
 c - a scroll of enchant armour {unknown}
 d - a scroll of fear {unknown}
 g - a scroll of brand weapon {unknown}
 h - a scroll of immolation {unknown}
 i - a scroll of noise {unknown}
 l - a scroll of amnesia {unknown}
Potions
 j - 2 potions of brilliance {unknown}
 o - a potion of attraction {unknown}


   Skills:
 + Level 4.7 Fighting
 * Level 7.1 Axes
 + Level 3.3 Armour
 + Level 2.9 Dodging


You had 5 spell levels left.
You didn't know any spells.
Your spell library contained the following spells:

 Spells                   Type           Power      Damage    Failure   Level
 Freeze                   Ice            0%         1d3       80%         1
 Magic Dart               Conj           0%         1d3       80%         1
 Slow                     Hex            0%         N/A       80%         1
 Call Imp                 Summ           0%         N/A       91%         2
 Confusing Touch          Hex            0%         N/A       99%         3
 Frozen Ramparts          Ice            0%         1d2       99%         3
 Mephitic Cloud           Conj/Pois/Air  0%         N/A       99%         3
 Ozocubu's Armour         Ice            0%         N/A       99%         3
 Vampiric Draining        Necr           0%         2d6       99%         3
 Hailstorm                Conj/Ice       0%         3d3       100%        4
 Ozocubu's Refrigeration  Ice            0%         4d5       100%        7


Dungeon Overview and Level Annotations

Branches:
Dungeon (4/15)
 Temple: D:4-7

Altars:

Annotations:
D:4 !edmund, Edmund, Natasha, Pikel


Innate Abilities, Weirdness & Mutations

You have a pair of horns on your head.
You reflexively headbutt those who attack you in melee.


Message History

The lemure hits you.
The gnoll hits you from afar with a +0 halberd.
You hit the lemure. Your headbutt misses the lemure.
The lemure is moderately wounded.
The lemure hits you. The gnoll closely misses you.
You closely miss the lemure.
The lemure is moderately wounded.
The lemure misses you.
The gnoll hits you from afar with a +0 halberd!
Pikel, Merchant of Souls comes into view.
He is wielding a +1 whip of electrocution and carrying a wand of polymorph (12).
Pikel shouts!
Your skin crawls.
You feel strong-willed. Pikel waves his whip at you. The lemure hits you.
A red film seems to cover your vision as you go berserk!
You feel yourself moving faster!
You feel mighty! The gnoll hits you but does no damage. The lemure hits you.
You slash the lemure!
The lemure is severely wounded.
The gnoll barely misses you.
You barely miss the lemure.
The lemure is severely wounded.
You closely miss Pikel. The lemure hits you!
The gnoll hits you but does no damage. Pikel hits you but does no damage.
You are electrocuted!
* * * LOW HITPOINT WARNING * * *
You slash Pikel!
Pikel is moderately wounded.
You barely miss the lemure. The lemure misses you. You furiously retaliate!
You headbutt the lemure! You hit Pikel. Your headbutt misses Pikel.
Pikel is heavily wounded.
You closely miss the lemure.
The gnoll hits you from afar with a +0 halberd.
* * * LOW HITPOINT WARNING * * *
Pikel hits you with a +1 whip of electrocution.
* * * LOW HITPOINT WARNING * * *
You are electrocuted!!
You die...

g......# o....)#
..... ###########
... #<......... #o#
#.#.###### #.#
#.#........ #.#
#.##############.##
#......K@5g.).....#
#########..########
##.# #)# #.. ###.
#. .#


You could see Pikel, a lemure and a gnoll.

Vanquished Creatures
  A necrophage (D:4)
  A scorpion (D:3)
  Crazy Yiuf (D:2)
  An iguana (D:3)
  Terence (D:3)
  A gnoll (D:4)
  An adder skeleton (D:3)
  A worm (D:2)
  2 dart slugs
  4 orcs
  5 ball pythons
  9 endoplasms
  6 giant cockroaches
  7 goblins
  10 hobgoblins
  A quokka (D:3)
  3 bats
  3 frilled lizards
  5 kobolds
  7 rats
70 creatures vanquished.

Notes
Turn   | Place    | Note
-------+----------+-------------------------------------------
     0 | D:1      | nonceun the Minotaur Berserker began the quest for the Orb.
     0 | D:1      | Reached XP level 1. HP: 19/19 MP: 0/0
     2 | D:1      | Noticed a demonspawn zombie
    18 | D:1      | Noticed a minotaur zombie
    20 | D:1      | Noticed a minotaur zombie
   179 | D:1      | Reached skill level 4 in Axes
   260 | D:1      | Reached XP level 2. HP: 27/27 MP: 1/1
   599 | D:1      | Reached XP level 3. HP: 33/33 MP: 2/2
   856 | D:2      | Reached ** piety under Trog
  1364 | D:2      | Reached skill level 5 in Axes
  1467 | D:2      | Found a runed translucent door.
  1468 | D:2      | Noticed Crazy Yiuf
  1474 | D:2      | Killed Crazy Yiuf
  1475 | D:2      | Reached XP level 4. HP: 30/40 MP: 3/3
  1847 | D:3      | Noticed Terence
  1867 | D:3      | Killed Terence
  1905 | D:3      | Noticed a scorpion
  1922 | D:3      | Killed a scorpion
  1923 | D:3      | Reached skill level 6 in Axes
  1923 | D:3      | Reached XP level 5. HP: 24/47 MP: 4/4
  2167 | D:3      | Found a faded altar of an unknown god.
  2879 | D:4      | Noticed Edmund
  2881 | D:4      | Noticed Natasha
  2937 | D:4      | Noticed a necrophage
  2950 | D:4      | Killed a necrophage
  2951 | D:4      | Reached skill level 7 in Axes
  2951 | D:4      | Reached XP level 6. HP: 36/53 MP: 5/5
  3089 | D:4      | Noticed Pikel
  3096 | D:4      | Mangled by Pikel

Illustrated notes

Levels and vault maps discovered:
D:1:      shiori_arrival_whats_in_store_for_you, layout_rooms
D:2:      layout_basic, serial_glass, glass_columns_a, glass_columns_a,
          st_stairs_1, fountainhead, minmay_pentomino_r2,
          uniq_crazy_yiuf_cottage
D:3:      layout_loops_ring, chequers_ecumenical_altar_island,
          chequers_serial_rivers_micro_a, wad_floor_pattern_untrapped,
          grunt_ministairs_1, fountainhead, minmay_stone_trees_small,
          minmay_close_crescents, uniq_terence
D:4:      layout_basic, minmay_misc_feat_tower, dk_noncrumbling_3, uniq_edmund,
          uniq_natasha, uniq_grinder, uniq_pikel

Skill      XL: |  1  2  3  4  5 |
---------------+----------------+-----
Axes           | 4 5 6 7 |  7.1
Fighting       | 4 |  4.7
Armour         | 3 |  3.3
Dodging        | |  2.9

Action                   |  1- 3 |  4- 6 || total
-------------------------+-------+-------++-------
Melee: Hand axe          |    87 |    92 ||   179
       Headbutt          |    11 |    20 ||    31
       Punch             |     1 |     2 ||     3
Invok: Berserk           |     1 |     1 ||     2
       Trog's Hand       |       |     2 ||     2
Armor: Leather armour    |    10 |     2 ||    12
       Scale mail        |       |    18 ||    18
Dodge: Dodged            |    38 |    38 ||    76
